 Dungeon Crawl Stone Soup version 0.23.1 (console) character file.

Game seed: 2424004930057476516

12510 fly the Ogre Mage (level 11, -6/114 HPs)
             Began as an Ogre Fire Elementalist on Mar 15, 2019.
             Was a Follower of Uskayaw.
             Mangled by a wyvern (11 damage)
             ... on level 3 of the Lair of Beasts.
             The game lasted 00:25:37 (14157 turns).

fly the Ogre Mage (Ogre Fire Elementalist)         Turns: 14157, Time: 00:25:38

Health: -6/114     AC: 14    Str: 14    XL:     11   Next: 94%
Magic:  3/27       EV: 11    Int: 16    God:    Uskayaw [*.....]
Gold:   622        SH:  0    Dex: 14    Spells: 22/34 levels left

rFire    . . .     SeeInvis .   a - +2 quarterstaff of Piunk {crush, Dex+2}
rCold    . . .     Gourm    .   (shield currently unavailable)
rNeg     . . .     Faith    .   y - +0 robe
rPois    .         Spirit   .   (helmet restricted)
rElec    .         Reflect  .   q - +2 cloak
rCorr    .         Harm     .   (gloves unavailable)
MR       +....                  (boots unavailable)
Stlth    ++........             (no amulet)
HPRegen  0.29/turn              h - +5 ring of protection
MPRegen  0.20/turn              (no ring)

@: lethally poisoned (-6 -> -7), very slightly contaminated
A: large, unfitting armour, antennae 1, slimy green scales 1, robust 1, shaggy
fur 1, tough skin 1
a: Stomp, Renounce Religion


You were on level 3 of the Lair of Beasts.
You worshipped Uskayaw.
Uskayaw was noncommittal.
You were very hungry.

You visited 3 branches of the dungeon, and saw 13 of its levels.
You also visited: Sewer.

You collected 717 gold pieces.
You spent 95 gold pieces at shops.

Inventory:

Hand Weapons
 a - the +2 quarterstaff of Piunk (weapon) {crush, Dex+2}
   (You found it on level 3 of the Lair of Beasts)

   It inflicts extra damage upon your enemies.
   It affects your dexterity (+2).
 b - a +2 spear of venom
Armour
 q - a +2 cloak (worn)
 y - a +0 robe (worn)
Jewellery
 h - a +5 ring of protection (left hand)
 j - an uncursed ring of ice
 p - an uncursed ring of wizardry
 u - an uncursed ring of flight
 w - an uncursed ring of fire
Wands
 m - a wand of flame (11)
 t - a wand of iceblast (27)
Scrolls
 d - a scroll of remove curse
 e - a scroll of amnesia
 f - 9 scrolls of teleportation
 o - a scroll of random uselessness {unknown}
 r - 3 scrolls of fear
 z - a scroll of blinking {unknown}
 A - a scroll of fog
 D - a scroll of identify
 G - a scroll of magic mapping
 H - 3 scrolls of vulnerability {unknown}
Potions
 g - 5 potions of flight
 i - 2 potions of heal wounds
 k - a potion of might
 l - a potion of cancellation
 n - 2 potions of curing
 s - a potion of lignification
 v - 2 potions of haste
 x - 2 potions of agility
 C - 2 potions of berserk rage
 E - 2 potions of invisibility
Comestibles
 c - 19 rations
 B - a chunk of flesh


   Skills:
 + Level 5.5 Fighting
 * Level 3.2 Polearms
 - Level 3.0 Dodging
 - Level 1.4 Stealth
 - Level 12.0 Spellcasting
 - Level 9.0 Conjurations
 - Level 9.0 Fire Magic
 - Level 3.0 Evocations


You had 22 spell levels left.
You knew the following spells:

 Your Spells              Type           Power        Failure   Level  Hunger
c - Conjure Flame         Conj/Fire      #####...     1%          3    None
n - Inner Flame           Hex/Fire       ###.....     3%          3    None
t - Fireball              Conj/Fire      #####.....   4%          5    #####..
z - Flame Tongue          Conj/Fire      #####        1%          1    None

Your spell library contained the following spells:

 Spells                   Type           Power        Failure   Level  Hunger
 Throw Flame              Conj/Fire      #####.       1%          2    None
 Sticky Flame             Conj/Fire      #####...     1%          4    ##.....


Dungeon Overview and Level Annotations

Branches:
Dungeon (9/15)             Temple (1/1) D:5            Lair (3/6) D:9
 Spider (0/4) Lair:2
  Swamp: Lair:2-4    Shoals: Lair:2-4       Orc: D:9-12

Altars:
Ashenzari
Cheibriados
Dithmenos
Elyvilon
Fedhas
Gozag
Hepliaklqana
Kikubaaqudgha
Makhleb
Nemelex Xobeh
Okawaru
Qazlal
Ru
Sif Muna
Trog
Uskayaw
Vehumet
Wu Jian
Xom
Yredelemnul
Zin
The Shining One

Shops:
D:9 ?

Annotations:
D:5 1 runed translucent door


Innate Abilities, Weirdness & Mutations

You are too large for most types of armour.
You have tough skin. (AC +1)
You have a pair of small antennae on your head.
You are partially covered in slimy green scales. (AC +2)
You are robust. (+10% HP)
You are covered in fur. (AC +1)


Message History

The wyvern barely misses you.
The wyvern bites you but does no damage.
Casting: Flame Tongue (safe; 1% risk of failure)
Confirm with . or Enter, or press ? or * to list all spells.
Aiming: Flame Tongue (safe; 1% risk of failure)
Press: ? - help, Shift-Dir - straight line, f/p - wyvern
Aim: a wyvern (almost dead)
The flame tongue hits the wyvern.
The wyvern is almost dead.
You feel sick. The wyvern bites you!
* * * LOW HITPOINT WARNING * * *
Casting: Flame Tongue (safe; 1% risk of failure)
Confirm with . or Enter, or press ? or * to list all spells.
Aiming: Flame Tongue (safe; 1% risk of failure)
Press: ? - help, Shift-Dir - straight line, f/p - wyvern
Aim: a wyvern (almost dead)
The flame tongue misses the wyvern.
The wyvern bites you.
* * * LOW HITPOINT WARNING * * *
The wyvern bites you!
You die...

####.##......... ...#
###...........(... ....#
#.#....††.........
#....##.................
#................#...#..
##...........###P##...###
.#.#......b.### ###P...#
...........## ##...#
?........@# #....###
...$....l## ##.....#
........### #÷...##
..........# #### #...##
......#...#####..###....#
....#.##.#..#.....#....P#
... # #.....h.†...#....#
.. ##..............## .
#....F..........#


You could see a wyvern.

Vanquished Creatures
  2 hydras
  A two-headed ogre (D:8)
  Maurice (D:8)
  A black mamba (Lair:3)
  A spiny frog (Lair:3)
  2 komodo dragons
  5 blink frogs (Lair:3)
  2 hippogriffs
  A shadow (D:9)
  8 yaks (D:9)
  A wyvern (D:8)
  A hungry ghost (D:7)
  Grum (D:9)
  4 water moccasins
  3 ice beasts
  7 porcupines
  6 black bears
  4 orc warriors
  2 sky beasts
  A phantom (D:8)
  2 ogres
  4 wolves (D:9)
  3 centaurs
  5 crocodiles
  2 big kobolds
  7 bullfrogs
  4 scorpions
  A water moccasin skeleton (D:5)
  6 killer bees (D:8)
  2 howler monkeys
  A crimson imp (D:3)
  A bullfrog zombie (D:7)
  A quasit (D:7)
  3 jellies
  2 bullfrog skeletons
  4 orc priests
  3 hounds
  10 orc wizards
  2 centaur skeletons (D:9)
  2 iguanas
  5 worker ants
  Ijyb (D:4)
  A hound skeleton (D:5)
  A worker ant zombie (D:5)
  A howler monkey skeleton (D:4)
  4 gnolls (D:2)
  12 adders
  A river rat (Sewer)
  4 oozes (D:1)
  An adder zombie (D:8)
  A worm (D:3)
  3 dart slugs
  3 leopard geckos
  20 orcs
  9 giant cockroaches
  8 goblins
  8 hobgoblins
  14 jackals
  18 kobolds
  3 quokkas
  8 bats
  5 frilled lizards
  A jackal skeleton (D:5)
  A leopard gecko skeleton (D:5)
  12 rats
264 creatures vanquished.

Vanquished Creatures (others)
  An orc wizard (D:7)
  12 fungi
13 creatures vanquished.

Grand Total: 277 creatures vanquished

Notes
Turn   | Place    | Note
-------+----------+-------------------------------------------
     0 | D:1      | fly the Ogre Fire Elementalist began the quest for the Orb.
     0 | D:1      | Reached XP level 1. HP: 16/16 MP: 3/3
     0 | D:1      | Noticed a jelly
     1 | D:1      | Found a runed translucent door.
    32 | D:1      | Reached skill level 1 in Conjurations
   164 | D:1      | Reached XP level 2. HP: 22/24 MP: 2/5
   598 | D:1      | Reached XP level 3. HP: 31/31 MP: 4/7
  1026 | D:1      | Learned a level 3 spell: Conjure Flame
  1030 | D:1      | Learned a level 3 spell: Inner Flame
  1087 | D:1      | Reached skill level 3 in Spellcasting
  1274 | D:1      | Reached XP level 4. HP: 9/39 MP: 0/8
  2314 | D:2      | Reached XP level 5. HP: 45/45 MP: 6/9
  2974 | D:3      | Found an ancient bone altar of Kikubaaqudgha.
  2974 | D:3      | Found a burning altar of Makhleb.
  2974 | D:3      | Found a shimmering altar of Xom.
  3806 | D:4      | Noticed an ogre
  3806 | D:4      | Noticed Ijyb
  3828 | D:4      | Killed an ogre
  3828 | D:4      | Reached XP level 6. HP: 53/53 MP: 8/10
  3834 | D:4      | Killed Ijyb
  3870 | D:4      | Gained mutation: You have a pair of small antennae on your
                  | head. [potion of mutation]
  3870 | D:4      | Gained mutation: You are partially covered in slimy green
                  | scales. (AC +2) [potion of mutation]
  3870 | D:4      | Gained mutation: You are robust. (+10% HP) [potion of
                  | mutation]
  3870 | D:4      | Gained mutation: You are covered in fur. (AC +1) [potion of
                  | mutation]
  3923 | D:4      | Reached skill level 5 in Conjurations
  3956 | D:4      | Found a glowing drain.
  3980 | Sewer    | Entered a sewer
  4212 | Sewer    | Reached XP level 7. HP: 58/64 MP: 1/11
  4313 | Sewer    | Found a white marble altar of Elyvilon.
  4667 | D:4      | Learned a level 5 spell: Fireball
  4670 | D:4      | Found a snail-covered altar of Cheibriados.
  4850 | D:5      | Entered Level 5 of the Dungeon
  5007 | D:5      | Reached XP level 8. HP: 68/73 MP: 12/12
  5063 | D:5      | Reached skill level 5 in Fire Magic
  5206 | D:5      | Found a white marble altar of Elyvilon.
  5206 | D:5      | Found a runed translucent door.
  5206 | D:5      | Noticed an angel
  5625 | D:5      | Found a staircase to the Ecumenical Temple.
  5813 | Temple   | Entered the Ecumenical Temple
  5957 | Temple   | Became a worshipper of Uskayaw the Reveler
  6115 | D:6      | Reached * piety under Uskayaw
  6170 | D:6      | Reached ** piety under Uskayaw
  6837 | D:7      | Reached XP level 9. HP: 69/81 MP: 2/13
  7926 | D:8      | Noticed Maurice
  7930 | D:8      | Reached *** piety under Uskayaw
  7933 | D:8      | Killed Maurice
  7935 | D:8      | Reached **** piety under Uskayaw
  8064 | D:8      | Reached skill level 1 in Evocations
  8749 | D:8      | Reached XP level 10. HP: 89/89 MP: 3/14
  8944 | D:8      | Noticed a two-headed ogre
  8954 | D:8      | Killed a two-headed ogre
  8954 | D:8      | Reached skill level 4 in Spellcasting
  9640 | D:9      | Reached skill level 5 in Spellcasting
  9869 | D:9      | Reached skill level 6 in Spellcasting
  9877 | D:9      | Reached ***** piety under Uskayaw
 10010 | D:9      | Reached skill level 7 in Spellcasting
 10192 | D:9      | Found a staircase to the Lair.
 10398 | D:9      | Found Apytujea's Magic Scroll Emporium.
 10408 | D:9      | Bought a scroll of immolation for 35 gold pieces
 10408 | D:9      | Bought a scroll of identify for 20 gold pieces
 10408 | D:9      | Bought a scroll of identify for 20 gold pieces
 10408 | D:9      | Bought a scroll of identify for 20 gold pieces
 10437 | D:9      | Found a shadowy altar of Dithmenos.
 10514 | D:9      | Reached skill level 8 in Spellcasting
 10516 | D:9      | Noticed Grum
 10546 | D:9      | Killed Grum
 10654 | D:9      | Reached skill level 9 in Spellcasting
 10655 | D:9      | Reached XP level 11. HP: 62/96 MP: 16/24
 10684 | D:9      | Reached skill level 10 in Spellcasting
 11245 | Lair:1   | Entered Level 1 of the Lair of Beasts
 11693 | Lair:1   | Noticed a four-headed hydra
 11700 | Lair:1   | Killed a four-headed hydra
 11700 | Lair:1   | Reached skill level 11 in Spellcasting
 12435 | Lair:2   | Found a hole to the Spider Nest.
 13035 | Lair:2   | Found a radiant altar of Vehumet.
 13597 | Lair:3   | Got an ichor-stained quarterstaff
 13598 | Lair:3   | Identified the +2 quarterstaff of Piunk {crush, Dex+2} (You
                  | found it on level 3 of the Lair of Beasts)
 13711 | Lair:3   | Noticed a five-headed hydra
 13718 | Lair:3   | Killed a five-headed hydra
 13894 | Lair:3   | Reached skill level 12 in Spellcasting
 14011 | Lair:3   | Reached skill level 1 in Polearms
 14020 | Lair:3   | Reached skill level 5 in Fighting
 14157 | Lair:3   | HP: 5/114 [wyvern (2)]
 14157 | Lair:3   | Mangled by a wyvern

Skill      XL: |  1  2  3  4  5  6  7  8  9 10 11 |
---------------+----------------------------------+-----
Conjurations   | 1 2 4 5 6 8 9 |  9.0
Dodging        | 2 3 |  3.0
Fire Magic     | 3 4 7 8 9 |  9.0
Spellcasting   | 3 9 12 | 12.0
Evocations     | 3 |  3.0
Fighting       | 5 |  5.5
Polearms       | 3 |  3.2
Stealth        | |  1.4

Action                   |  1- 3 |  4- 6 |  7- 9 | 10-12 || total
-------------------------+-------+-------+-------+-------++-------
Melee: Unarmed           |    55 |    27 |       |       ||    82
       Spear             |       |    29 |   117 |   125 ||   271
       Quarterstaff      |       |       |       |     4 ||     4
 Cast: Flame Tongue      |    52 |   103 |   219 |   250 ||   624
       Conjure Flame     |       |       |     4 |    20 ||    24
       Fireball          |       |       |     3 |     6 ||     9
Evoke: Wand              |       |       |     5 |       ||     5
  Use: Potion            |       |     4 |       |     4 ||     8
       Scroll            |       |     1 |     9 |     8 ||    18
 Stab: Paralysed         |       |       |     1 |     3 ||     4
       Sleeping          |       |       |     1 |       ||     1
  Eat: Chunk             |       |    10 |    15 |    15 ||    40
       Ration            |       |       |       |     1 ||     1
Armor: Robe              |    25 |    29 |   171 |   135 ||   360
Dodge: Dodged            |    51 |    48 |   142 |   175 ||   416
